Map: Kairos Junction LE

Players

shooter

  • Race: Zerg Zerg
  • League: Gold
  • Spawn Location: 11:00

Plague - Winner!

  • Race: Zerg Zerg
  • Spawn Location: 5:00

VOD

Have the link to the VOD?

Description

i am pretty new to actively trying to improve at the game. just looking for some specific direction.

Time

  • Played on: March 2, 2019, 8:53 p.m.
  • Length: 11:56
Show
View Real Time Build Order
Export as new Build Order

shooter Zerg 

Build Orders: Hatch First 

Get SALT Encoding   

  12  0:01  Drone  
  13  0:08  Drone  
  14  0:16  Overlord  
  14  0:36  Drone x3  
  17  0:54  Hatchery  
  17  0:57  Drone  
  17  1:12  Spawning Pool  
  17  1:15  Extractor  
  17  1:16  Drone  
  16  1:19  Drone  
  17  1:28  Drone  
  18  1:33  Drone  
  19  1:42  Drone  
  20  1:54  Overlord  
  20  2:02  Queen  
  20  2:06  Queen  
  20  2:08  Drone x2  
  26  2:23  Drone  
  26  2:25  Drone  
  26  2:27  Drone  
  26  2:28  Metabolic Boost  
  29  2:42  Drone x2  
  31  2:47  Drone x2  
  33  2:52  Queen  
  35  3:03  Overlord x2  
  35  3:09  Roach Warren, Queen  
  35  3:10  Overlord  
  34  3:37  Zergling x8  
  27  3:52  Queen  
  23  4:03  Zergling x4  
  23  4:04  Zergling x2  
  23  4:07  Roach  
  26  4:24  Spine Crawler  
  26  4:27  Queen  
  27  4:56  Drone  
  28  5:03  Pneumatized Carapace  
  28  5:13  Roach x6  
  40  5:17  Hatchery  
  36  5:49  Drone x2  
  38  5:56  Roach x3  
  44  6:02  Hatchery  
  43  6:16  Spine Crawler  
  44  6:25  Roach  
  44  6:26  Roach x2  
  42  7:12  Queen  
  44  7:25  Drone x7  
  51  7:52  Overlord, Drone  
  51  7:53  Overlord  
  26  8:27  Spore Crawler  
  26  8:29  Spore Crawler  
  26  8:30  Spore Crawler  
  26  8:32  Spore Crawler  
  22  8:46  Lair  
  20  8:48  Queen  
  22  9:08  Extractor, Drone x2  
  22  9:09  Overlord, Drone x4  
  27  9:10  Overlord  
  25  9:24  Queen  
  27  9:43  Queen  
  29  9:47  Hydralisk Den  
  28  10:01  Extractor  
  27  10:16  Drone x2  
  27  10:17  Drone x8  
  27  10:19  Queen  
  39  10:28  Overseer, Spore Crawler  
  38  10:40  Grooved Spines  
  28  10:58  Hydralisk x6  
  37  11:22  Spore Crawler  
  37  11:25  Spore Crawler  
  33  11:46  Hatchery  
Show
View Real Time Build Order
Export as new Build Order

Plague Zerg - Winner!

Build Orders: Pool First 

Get SALT Encoding   

  12  0:01  Drone  
  13  0:12  Overlord  
  13  0:21  Drone  
  14  0:31  Drone x2  
  14  0:35  Extractor  
  15  0:42  Drone  
  16  0:48  Drone  
  17  0:54  Spawning Pool  
  16  0:59  Drone  
  17  1:08  Drone  
  18  1:19  Drone  
  19  1:30  Drone  
  20  1:39  Hatchery  
  19  1:42  Drone  
  19  1:45  Queen  
  22  1:50  Metabolic Boost  
  22  2:07  Evolution Chamber  
  21  2:10  Evolution Chamber  
  21  2:12  Zergling x4  
  21  2:14  Overlord  
  22  2:32  Queen  
  24  2:55  Zergling x4  
  24  2:56  Zergling x8  
  30  3:08  Zergling x2  
  30  3:09  Drone x2  
  31  3:50  Zergling x2  
  31  3:51  Zergling x4  
  31  3:53  Drone x2  
  35  4:06  Zerg Melee Weapons Level 1  
  33  4:40  Drone x3  
  33  4:44  Overlord  
  33  4:45  Overlord x5  
  36  5:08  Zerg Ground Armor Level 1  
  36  5:09  Lair  
  36  5:15  Extractor  
  36  5:17  Extractor, Drone  
  36  5:18  Extractor, Drone x5  
  36  5:19  Drone x4  
  36  5:20  Drone  
  43  6:10  Spire  
  42  6:22  Overlord x2  
  42  6:23  Overlord  
  42  6:27  Drone  
  42  6:28  Drone x5  
  42  7:04  Zergling x2  
  42  7:05  Zergling x10  
  48  7:24  Mutalisk x4  
  48  7:26  Mutalisk  
  48  7:27  Hatchery  
  57  7:38  Mutalisk  
  57  7:39  Mutalisk x3  
  65  7:52  Mutalisk  
  65  7:53  Mutalisk x2  
  60  8:49  Queen  
  60  9:52  Zerg Flyer Weapons Level 1, Mutalisk  
  60  9:53  Mutalisk x6  
  60  9:55  Mutalisk x2  
  60  9:56  Mutalisk  
  80  10:04  Drone  
  80  10:05  Drone x2  
  80  10:06  Queen  
  85  10:28  Zergling x12  
  87  10:31  Zergling x2  
  87  10:32  Zergling x10  
  93  10:55  Mutalisk x2  
  93  10:56  Mutalisk x2  
  99  11:13  Mutalisk x3  
Tags
 
Add a new tag
Caveats
  • Supply blocks, unpowered buildings, or Contaminate may cause inaccurate times.
  • Supply counts are checked every 10 seconds.